 Dungeon Crawl Stone Soup version 0.18.0-2-g198d6d4 (webtiles) character file.

1457 dvd the Skirmisher (level 8, -1/84 HPs)
             Began as an Ogre Hunter on May 5, 2016.
             Was a Believer of Okawaru.
             Slain by a sky beast (6 damage)
             ... on level 5 of the Dungeon.
             The game lasted 00:24:51 (7569 turns).

dvd the Skirmisher (Ogre Hunter)                    Turns: 7569, Time: 00:24:51

Health: -1/84      AC:  3    Str: 18      XL:     8   Next: 76%
Magic:  0/8        EV: 16    Int:  6 (8)  God:    Okawaru [**....]
Gold:   60         SH:  0    Dex: 11 (12) Spells: 0 memorised, 7 levels left

rFire  + . .     SeeInvis .     e - +1 great mace (holy)
rCold  . . .     Gourm    .     b - +1 robe
rNeg   . . .     Faith    .     (shield currently unavailable)
rPois  +         Spirit   +     (helmet restricted)
rElec  .         Dismiss  .     (no cloak)
rCorr  .         Reflect  .     (gloves unavailable)
SustAt .         Harm     .     (boots unavailable)
MR     .....     Rnd*Rage +     g - amulet of guardian spirit
Stlth  ++........               n - ring of protection from fire
                                G - ring of poison resistance

@: heroism, very slightly contaminated, hasted, drained, very quick, not
resistant to hostile enchantments, unstealthy
A: unfitting armour, hooves 1, repulsion field 1, berserk 1, deformed body,
dopey 1, tough skin 1
a: Heroism, Renounce Religion


You were on level 5 of the Dungeon.
You worshipped Okawaru.
Okawaru was pleased with you.
You were hungry.

You visited 2 branches of the dungeon, and saw 7 of its levels.

You collected 255 gold pieces.
You spent 195 gold pieces at shops.

Inventory:

Hand Weapons
 a - a +0 flail
 e - a +1 great mace of holy wrath (weapon)
 o - a +2 spear of venom
 p - a +0 mace
 D - a +0 whip
Armour
 b - a +1 robe (worn)
Jewellery
 g - an amulet of guardian spirit (around neck)
 n - a ring of protection from fire (right hand)
 G - a ring of poison resistance (left hand)
Wands
 v - a wand of hasting (8/9)
Scrolls
 j - 2 scrolls of enchant armour
 r - 2 scrolls of remove curse
 C - 2 scrolls of identify
Potions
 F - a potion of invisibility
 K - a potion of agility
Books
 L - a book of Beasts

   Spells                             Type                      Level
   a - Summon Butterflies             Summoning                    1
   b - Call Canine Familiar           Summoning                    3
   c - Summon Ice Beast               Ice/Summoning                4
   d - Summon Mana Viper              Hexes/Summoning              5
   e - Summon Hydra                   Summoning                    7
Comestibles
 c - 6 chunks of flesh
 f - 6 bread rations
 i - 2 meat rations
 m - 14 fruits
 t - 2 beef jerkies


   Skills:
 + Level 6.4(11.0) Fighting
 + Level 5.0(9.6) Maces & Flails
 + Level 5.9(10.5) Throwing
 + Level 6.2(10.7) Dodging
 + Level 2.9(7.5) Stealth
 + Level 0.4(0.1) Invocations


You had 7 spell levels left.
You didn't know any spells.

Dungeon Overview and Level Annotations

Branches:
Dungeon (6/15)             Temple (1/1) D:5

Altars:
Ashenzari
Cheibriados
Elyvilon
Fedhas
Kikubaaqudgha
Makhleb
Nemelex Xobeh
Okawaru
Pakellas
Qazlal
Ru
Sif Muna
Trog
The Shining One

Shops:
D:5 =(%[[


Innate Abilities, Weirdness & Mutations

You are too large for most types of armour.
You have tough skin (AC +1).
You have large cloven feet.
You are surrounded by a mild repulsion field (EV +2).
You tend to lose your temper in combat.
Armour fits poorly on your strangely shaped body.
You are dopey. (Int -2)


Message History

You miss something. Something hits you.
* * * LOW HITPOINT WARNING * * *
Something shocks you.
* * * LOW HITPOINT WARNING * * *
You gain the combat prowess of a mighty hero.
You are feeling hungry.
Something hits you.
* * * LOW HITPOINT WARNING * * *
Something shocks you.
* * * LOW HITPOINT WARNING * * *
Drink which item? (? for menu, Esc to quit)
You feel better.
You hit something. Something hits you.
* * * LOW HITPOINT WARNING * * *
Something shocks you.
* * * LOW HITPOINT WARNING * * *
You barely miss something. Something hits you.
* * * LOW HITPOINT WARNING * * *
Something shocks you.
You die...

....................≈≈.≈≈...# ##.
......#.............#≈.≈....# #..
#######.............#..#....###..
.......>.........................
....................#.#........##
.........(.......##.#.#......(.#.
....................#.##[......#.
....................#..........#.
.......(.=......@...#....###...#.
........(..########.#.....##...##
...........# #............###.###
...........###.............##.###
.........................#.##....
.................................
....###.#####..†#######.###.#....
.......##...##..#...###.# #...###
#.....##.....##.#'#.....####..# #


There were no monsters in sight!

Vanquished Creatures
  Menkaure (D:5)
  2 ogres
  A centaur (D:5)
  A scorpion (D:5)
  4 wights (D:6)
  A giant frog zombie (D:5)
  A centaur zombie (D:5)
  A crimson imp (D:5)
  5 hounds
  A centaur skeleton (D:5)
  3 orc priests
  Ijyb (D:4)
  An iguana (D:5)
  4 orc wizards
  Terence (D:2)
  3 worker ants
  A hound zombie (D:5)
  5 gnolls
  6 adders
  An adder skeleton (D:4)
  2 worms
  3 dart slugs
  4 giant geckos (D:2)
  16 orcs
  9 bats
  6 giant cockroaches
  20 goblins
  11 hobgoblins
  7 jackals
  A quokka (D:2)
  A ball python (D:2)
  A giant gecko skeleton (D:4)
  4 giant newts
  11 kobolds
  6 rats
146 creatures vanquished.

Notes
Turn   | Place    | Note
--------------------------------------------------------------
     0 | D:1      | dvd the Ogre Hunter began the quest for the Orb.
     0 | D:1      | Reached XP level 1. HP: 22/22 MP: 1/1
   167 | D:1      | Reached XP level 2. HP: 29/29 MP: 2/2
   626 | D:1      | Reached XP level 3. HP: 20/37 MP: 3/3
   770 | D:1      | Found an iron altar of Okawaru.
   824 | D:1      | Reached skill level 1 in Stealth
   959 | D:1      | Became a worshipper of Warmaster Okawaru
  1367 | D:2      | Reached XP level 4. HP: 41/45 MP: 4/4
  1426 | D:2      | Found a sacrificial altar of Ru.
  1489 | D:2      | Found a snail-covered altar of Cheibriados.
  1498 | D:2      | Reached skill level 1 in Maces & Flails
  1641 | D:2      | Noticed Terence
  1731 | D:2      | Killed Terence
  2239 | D:3      | Reached XP level 5. HP: 49/53 MP: 5/5
  3383 | D:3      | Found an ancient bone altar of Kikubaaqudgha.
  3515 | D:4      | Reached XP level 6. HP: 54/62 MP: 4/6
  3654 | D:4      | Found a deep blue altar of Sif Muna.
  3890 | D:4      | Reached * piety under Okawaru
  3896 | D:4      | Reached skill level 5 in Throwing
  3900 | D:4      | HP: 1/62 [orc priest/nerve-wracking pain (10)]
  4256 | D:4      | Found a white marble altar of Elyvilon.
  4319 | D:4      | Found a bloodstained altar of Trog.
  4827 | D:4      | Noticed Ijyb
  4853 | D:4      | Reached XP level 7. HP: 38/71 MP: 2/7
  4860 | D:4      | Killed Ijyb
  5332 | D:5      | Entered Level 5 of the Dungeon
  5432 | D:5      | Found a burning altar of Makhleb.
  5677 | D:5      | Reached skill level 5 in Fighting
  5784 | D:5      | Found a staircase to the Ecumenical Temple.
  5792 | D:5      | Found Soduc's Food Shop.
  5796 | Temple   | Entered the Ecumenical Temple
  5916 | D:5      | Gained mutation: You passively map a small area around you. [potion of mutation]
  5916 | D:5      | Gained mutation: You tend to lose your temper in combat. [potion of mutation]
  5916 | D:5      | Gained mutation: Armour fits poorly on your strangely shaped body. [potion of mutation]
  6131 | D:5      | Reached skill level 5 in Dodging
  6146 | D:5      | HP: 1/72 [giant frog zombie (6)]
  6530 | D:5      | Found Ymurch's Armour Boutique.
  6633 | D:5      | Noticed Menkaure
  6634 | D:5      | Found a glowing golden altar of the Shining One.
  6641 | D:5      | Killed Menkaure
  6641 | D:5      | Reached XP level 8. HP: 46/80 MP: 4/8
  6819 | D:5      | Found Teusupla's Antique Weapon Emporium.
  6822 | D:5      | Bought a glowing great mace for 195 gold pieces
  6844 | D:5      | Gained mutation: You are dopey. (Int -2) [potion of mutation]
  6844 | D:5      | Gained mutation: You have large cloven feet. [potion of mutation]
  6844 | D:5      | Lost mutation: You passively map a small area around you. [potion of mutation]
  6845 | D:5      | Gained mutation: You are surrounded by a mild repulsion field (EV +2). [potion of beneficial mutation]
  6958 | D:5      | Found Kechal's Armour Shoppe.
  6983 | D:5      | Found Gudgh's Jewellery Emporium.
  7513 | D:6      | Reached ** piety under Okawaru
  7530 | D:6      | Reached skill level 5 in Maces & Flails
  7569 | D:5      | Slain by a sky beast

Skill      XL: |  1  2  3  4  5  6  7  8 |
---------------+-------------------------+-----
Fighting       | 3 4 5 6 |  6.4
Dodging        | 2 3 4 5 6 |  6.2
Stealth        | 1 2 |  2.9
Maces & Flails | 1 2 4 5 |  5.0
Throwing       | 5 |  5.9
Invocations    | |  0.4

Action                   |  1- 3 |  4- 6 |  7- 9 || total
-------------------------+-------+-------+-------++-------
Melee: Short sword       |    11 |       |       ||    11
       Whip              |    67 |   112 |       ||   179
       Flail             |       |   110 |    88 ||   198
       Punch             |       |       |     1 ||     1
       Great mace        |       |       |    67 ||    67
       Kick              |       |       |    14 ||    14
Throw: Large rock        |    25 |    53 |    22 ||   100
       Throwing net      |       |     3 |     6 ||     9
       Tomahawk          |       |     6 |    19 ||    25
       Stone             |       |       |     3 ||     3
Invok: Heroism           |       |       |     7 ||     7
Evoke: Wand              |       |       |     1 ||     1
  Use: Potion            |       |     2 |    11 ||    13
       Scroll            |       |       |    14 ||    14
 Stab: Sleeping          |       |     1 |     1 ||     2
       Held in net/web   |       |     1 |     1 ||     2
  Eat: Chunk             |     1 |    12 |     6 ||    19
       Pizza             |       |       |     2 ||     2
Armor: Robe              |    29 |    63 |    38 ||   130
Dodge: Dodged            |    50 |   171 |   135 ||   356
